 Dungeon Crawl Stone Soup version 0.22-a0-240-g539252a (console) character file.

122 Et the Sneak (level 5, 0/42 HPs)
             Began as a Naga Venom Mage on Feb 22, 2018.
             Slain by an orc wizard
             ... wielding a +0 dagger
              (1 damage)
             ... on level 2 of the Dungeon.
             The game lasted 00:05:42 (1447 turns).

Et the Sneak (Naga Venom Mage)                      Turns: 1447, Time: 00:05:43

Health: 0/42       AC:  2    Str: 10    XL:     5   Next: 6%
Magic:  0/9        EV: 10    Int: 16    God:
Gold:   102        SH:  0    Dex: 12    Spells: 4/10 levels left

rFire    . . .     SeeInvis +   b - +0 hunting sling
rCold    . . .     Gourm    .   (no shield)
rNeg     . . .     Faith    .   n - +0 robe
rPois    +         Spirit   +   (no helmet)
rElec    .         Reflect  .   (no cloak)
rCorr    .         Harm     .   (no gloves)
MR       .....                  (no barding)
Stlth    +++.......             l - amulet of guardian spirit
HPRegen  0.14/turn              (no ring)
MPRegen  0.11/turn              (no ring)

@: very slow
A: large, see invisible, deformed body, poison resistance, slowness 2, slow
metabolism 1, spit poison 1, AC +1
a: Spit Poison


You were on level 2 of the Dungeon.
You were hungry.

You visited 1 branch of the dungeon, and saw 2 of its levels.

You collected 102 gold pieces.

Inventory:

Hand Weapons
 a - a +3 falchion
 b - a +0 hunting sling (weapon)
 q - a +0 dagger
Missiles
 c - 42 stones (quivered)
 g - 66 arrows
 r - 7 needles of confusion
Armour
 n - a +0 robe (worn)
Jewellery
 l - an amulet of guardian spirit (around neck)
Wands
 p - a wand of enslavement (12)
Scrolls
 e - a scroll of immolation {unknown}
 h - 2 scrolls of identify {unknown}
 i - a scroll of teleportation {unknown}
 k - a scroll of remove curse {unknown}
Potions
 d - a potion of flight {unknown}
 f - a potion of curing {unknown}
 o - a potion of berserk rage {unknown}
Comestibles
 j - 2 rations
 m - 4 chunks of flesh


   Skills:
 - Level 2.0 Dodging
 + Level 4.8 Stealth
 * Level 3.3 Spellcasting
 - Level 1.0 Conjurations
 - Level 1.0 Air Magic
 + Level 4.6 Poison Magic


You had 4 spell levels left.
You knew the following spells:

 Your Spells              Type           Power        Failure   Level  Hunger
d - Sting                 Conj/Pois      ##..         5%          1    None
m - Mephitic Cloud        Conj/Pois/Air  #.......     22%         3    ###....
v - Poisonous Vapours     Pois/Air       ##....       9%          2    ##.....


Dungeon Overview and Level Annotations

Branches:
Dungeon (2/15)

Altars:


Innate Abilities, Weirdness & Mutations

You cannot wear boots.
Your serpentine skin is tough. (AC +1)
You have supernaturally acute eyesight. (SInv)
Armour fits poorly on your strangely shaped body.
Your system is resistant to poisons. (rPois)
You cover ground very slowly.
You have a slow metabolism.
You can spit poison.


Message History

You feel slightly more hungry. The orc wizard barely misses you. x2
Casting: Poisonous Vapours (safe; 9% risk of failure)
Confirm with . or Enter, or press ? or * to list all spells.
Aiming: Poisonous Vapours (safe; 9% risk of failure)
Press: ? - help, Dir - move target cursor, f - orc priest, p - orc wizard
Aim: an orc priest, wielding a hand axe Poisonous vapours surround the orc priest!
The orc priest is engulfed in poison gas.
The orc priest is poisoned.
The orc wizard hits you with a dagger.
* * * LOW HITPOINT WARNING * * *
Your magical contamination has completely faded away.
Unknown command.
Evoke which item? (* to show all) (? for menu, Esc to quit)
Aiming: Enslavement
Press: ? - help, Shift-Dir - straight line, f/p - orc priest
Aim: an orc priest, wielding a hand axe (lightly wounded, poisoned, chance to defeat MR: 46%)
The orc wizard resists with some effort.
You have got your breath back.
The orc wizard barely misses you. The orc wizard hits you with a dagger.
You die...

#÷###...# #.o. ...
#.## #.## #..# .(.
## # # ## ..# ..
.#. #.# #.# #o#
..... #.#
##.#...... #.#
###o.#.#...# #.#
#....#...... #@#
#.#..##.....
#o#####.#..###.⌠.#
#o..o.).....######
#######.#.........
#.#.......##
#......#####
######## # # #


You could see an orc priest and an orc wizard (invisible).

Vanquished Creatures
  An orc priest (D:2)
  A hound skeleton (D:2)
  2 adders (D:2)
  An adder zombie (D:2)
  2 dart slugs
  A leopard gecko (D:1)
  An orc (D:2)
  A ball python (D:2)
  A bat (D:1)
  A bat zombie (D:2)
  3 giant cockroaches (D:1)
  4 goblins
  13 hobgoblins
  6 jackals (D:2)
  A kobold (D:2)
  2 frilled lizards
  A leopard gecko zombie (D:2)
  4 rats
46 creatures vanquished.

Notes
Turn   | Place    | Note
-------+----------+-------------------------------------------
     0 | D:1      | Et the Naga Venom Mage began the quest for the Orb.
     0 | D:1      | Reached XP level 1. HP: 15/15 MP: 3/3
   108 | D:1      | Reached XP level 2. HP: 22/22 MP: 5/5
   112 | D:1      | Learned a level 2 spell: Poisonous Vapours
   660 | D:1      | Reached XP level 3. HP: 28/28 MP: 4/6
   665 | D:1      | Learned a level 3 spell: Mephitic Cloud
  1158 | D:2      | Reached XP level 4. HP: 36/36 MP: 8/8
  1188 | D:2      | Reached skill level 1 in Air Magic
  1434 | D:2      | Reached XP level 5. HP: 27/42 MP: 2/9
  1446 | D:2      | HP: 1/42 [orc wizard/dagger (5)]
  1447 | D:2      | Slain by an orc wizard

Vault maps used:
D:1:      minmay_arrival_checkered_box
D:2:      cheibrodos_pilgrimage, doesnt_xom_only_xom, serial_undead,
          serial_undead_d, serial_undead_e, serial_undead_c, serial_undead_c,
          serial_undead_b

Skill      XL: |  1  2  3  4 |
---------------+-------------+-----
Dodging        | 2 |  2.0
Stealth        | 4 |  4.8
Air Magic      | 1 |  1.0
Spellcasting   | 3 |  3.3
Conjurations   | |  1.0
Poison Magic   | |  4.6

Action                   |  1- 3 |  4- 6 || total
-------------------------+-------+-------++-------
Melee: Falchion          |       |     6 ||     6
 Fire: Hunting sling     |    12 |    26 ||    38
 Cast: Sting             |     7 |       ||     7
       Poisonous Vapours |    16 |     9 ||    25
 Abil: Spit Poison       |    26 |    11 ||    37
Evoke: Wand              |       |     1 ||     1
  Eat: Chunk             |     3 |     1 ||     4
Armor: Robe              |     5 |     6 ||    11
Dodge: Dodged            |     5 |    18 ||    23
       Rpst.: Falchion   |       |     2 ||     2

Table legend:
 A = Spawn XP
 B = Non-spawn XP
 C = Spawn XP percentage of total XP
 D = Spawn monster count
 E = Non-spawn monster count
 F = Spawn count percentage of total count
 G = Total turns spent on level
                    A         B        C        D         E        F      G
               +---------+---------+-------+---------+---------+-------+---------
         Total |       0 |     175 |   0.0 |       0 |      46 |   0.0 |  1447
               +---------+---------+-------+---------+---------+-------+---------
           D:1 |       0 |      42 |   0.0 |       0 |      21 |   0.0 |   998
           D:2 |       0 |     133 |   0.0 |       0 |      25 |   0.0 |   449
               +---------+---------+-------+---------+---------+-------+---------
